 Dungeon Crawl Stone Soup version 0.18-b1-18-g7758cf2 (webtiles) character file.

279 Chiseanne the Magician (level 6, 41/41 HPs)
             Began as a Demonspawn Wizard on May 2, 2016.
             Quit the game on level 3 of the Dungeon.
             The game lasted 00:06:12 (1951 turns).

Chiseanne the Magician (Demonspawn Wizard)          Turns: 1951, Time: 00:06:13

Health: 41/41      AC:  3    Str:  8    XL:     6   Next: 5%
Magic:  0/13       EV: 12    Int: 21    God:
Gold:   75         SH:  0    Dex: 11    Spells: 5 memorised, 3 levels left

rFire  . . .     SeeInvis .     m - +0 short sword
rCold  . . .     Gourm    .     a - +0 robe
rNeg   . . .     Faith    .     (no shield)
rPois  .         Spirit   .     b - +0 hat
rElec  .         Dismiss  .     (no cloak)
rCorr  .         Reflect  .     (no gloves)
SustAt .         Harm     .     (no boots)
MR     .....                    (no amulet)
Stlth  ++........               (no ring)
                                (no ring)

@: very slightly contaminated, repel missiles, not resistant to hostile
enchantments, unstealthy
A: horns 1, icy blue scales 1, powered by death 1, rot immunity
a: no special abilities


You were on level 3 of the Dungeon.
You were not hungry.

You visited 1 branch of the dungeon, and saw 3 of its levels.

You collected 75 gold pieces.

Inventory:

Hand Weapons
 m - a +0 short sword (weapon)
Missiles
 j - 27 stones (quivered)
 q - 37 sling bullets
Armour
 a - a +0 robe (worn)
 b - a +0 hat (worn)
Scrolls
 e - a scroll of magic mapping {unknown}
 h - a scroll of blinking {unknown}
 l - a scroll of teleportation {unknown}
 n - a scroll of identify {unknown}
 p - a scroll of fear {unknown}
Potions
 g - a potion of resistance {unknown}
 k - a potion of curing
 o - a potion of berserk rage {unknown}
Books
 c - a book of Minor Magic

   Spells                             Type                      Level
   a - Magic Dart                     Conjuration                  1
   b - Blink                          Translocation                2
   c - Call Imp                       Summoning                    2
   d - Repel Missiles                 Charms/Air                   2
   e - Slow                           Hexes                        2
   f - Conjure Flame                  Conjuration/Fire             3
   g - Mephitic Cloud                 Conjuration/Poison/Air       3
Comestibles
 d - 2 bread rations
 f - a royal jelly
 i - 2 chunks of flesh


   Skills:
 - Level 1.7 Dodging
 - Level 1.7 Stealth
 * Level 4.8 Spellcasting
 * Level 4.4 Conjurations
   Level 1.0 Summonings
 - Level 0.8 Translocations


You had 3 spell levels left.
You knew the following spells:

 Your Spells              Type           Power        Failure   Level  Hunger
a - Magic Dart            Conj           ###.         1%          1    None
b - Blink                 Tloc           N/A          12%         2    None
c - Repel Missiles        Chrm/Air       #.....       17%         2    None
d - Mephitic Cloud        Conj/Pois/Air  ##......     21%         3    ##.....
e - Conjure Flame         Conj/Fire      ##......     17%         3    ##.....


Dungeon Overview and Level Annotations

Branches:
Dungeon (3/15)

Altars:


Innate Abilities, Weirdness & Mutations

You have a pair of small horns on your head.
You are partially covered in icy blue scales (AC +1).
You regenerate a little health from kills.
You are immune to rotting.


Message History

You throw a stone.
The stone hits Sigmund but does no damage.
Sigmund is almost dead.
Casting: Magic Dart
Confirm with . or Enter, or press ? or * to list all spells.
Aiming: Magic Dart
Press: ? - help, Shift-Dir - straight line, f/p - Sigmund
Aim: Sigmund, wielding a scythe and wearing a robe (almost dead, confused)
The magic dart hits Sigmund.
You kill Sigmund!
Your Conjurations skill increases to level 4!
You have reached level 5!
Your demonic ancestry asserts itself...
A pair of horns grows on your head!
You have reached level 6!
Your experience leads to an increase in your attributes!
Increase (S)trength, (I)ntelligence, or (D)exterity?
You feel clever.
Your demonic ancestry asserts itself...
You feel immune to rotting.
Are you sure you want to abandon this character and quit the game? (Confirm with "yes".)

#.# #.# ... #.# #.#
#.# #.#
#.########.##########
#...@.....)##........
##########.##.######.
#.>......#..
#.##.###.#.. #.##.#
#.#.# #.##.# #.#..
#.##.# #...#
#.##.#####..
#.#...####.#


There were no monsters in sight!

Vanquished Creatures
  Sigmund (D:3)
  Jessica (D:2)
  4 adders
  2 dart slugs
  A giant gecko (D:2)
  5 giant cockroaches
  7 goblins
  6 hobgoblins
  6 kobolds
  A quokka (D:3)
  7 bats
  2 giant newts
  18 rats
61 creatures vanquished.

Notes
Turn   | Place    | Note
--------------------------------------------------------------
     0 | D:1      | Chiseanne the Demonspawn Wizard began the quest for the Orb.
     0 | D:1      | Reached XP level 1. HP: 13/13 MP: 4/4
   387 | D:1      | Gained mutation: You regenerate a little health from kills. [demonic ancestry]
   387 | D:1      | Reached XP level 2. HP: 19/19 MP: 1/6
   713 | D:1      | Gained mutation: You are partially covered in icy blue scales (AC +1). [demonic ancestry]
   713 | D:1      | Reached XP level 3. HP: 24/24 MP: 0/7
  1245 | D:2      | Noticed Jessica
  1264 | D:2      | Learned a level 2 spell: Blink
  1267 | D:2      | Learned a level 2 spell: Repel Missiles
  1300 | D:2      | Killed Jessica
  1300 | D:2      | Reached XP level 4. HP: 23/30 MP: 0/9
  1862 | D:3      | Learned a level 3 spell: Mephitic Cloud
  1866 | D:3      | Learned a level 3 spell: Conjure Flame
  1923 | D:3      | Noticed Sigmund
  1950 | D:3      | Killed Sigmund
  1950 | D:3      | Gained mutation: You have a pair of small horns on your head. [demonic ancestry]
  1950 | D:3      | Reached XP level 5. HP: 35/35 MP: 0/12
  1950 | D:3      | Gained mutation: You are immune to rotting. [demonic ancestry]
  1950 | D:3      | Reached XP level 6. HP: 41/41 MP: 0/13
  1951 | D:3      | Quit the game

Skill      XL: |  1  2  3  4 |
---------------+-------------+-----
Conjurations   | 2 3 4 |  4.4
Spellcasting   | 4 |  4.8
Dodging        | |  1.7
Stealth        | |  1.7
Summonings     | |  1.0
Translocations | |  0.8

Action                   |  1- 3 |  4- 6 || total
-------------------------+-------+-------++-------
Melee: Dagger            |    40 |       ||    40
       Short sword       |    21 |     7 ||    28
Throw: Stone             |       |     2 ||     2
 Cast: Magic Dart        |    75 |    45 ||   120
       Repel Missiles    |     1 |       ||     1
       Mephitic Cloud    |       |     1 ||     1
       Blink             |       |     1 ||     1
  Use: Scroll            |       |     1 ||     1
       Potion            |       |     1 ||     1
 Stab: Sleeping          |       |     1 ||     1
  Eat: Chunk             |     1 |     2 ||     3
Armor: Robe              |    15 |     5 ||    20
Dodge: Dodged            |    36 |    15 ||    51
